 Dungeon Crawl Stone Soup version 0.22.1-2-g9c5b331383 (webtiles) character file.

104 Ihlosi the Cutter (level 5, 0/32 HPs)
             Began as a Kobold Gladiator on Dec 13, 2018.
             Splashed by a jelly's acid (8 damage)
             ... on level 2 of the Dungeon.
             The game lasted 00:03:44 (1966 turns).

Ihlosi the Cutter (Kobold Gladiator)                Turns: 1966, Time: 00:03:45

Health: 0/32       AC: -6    Str: 11    XL:     5   Next: 7%
Magic:  5/5        EV: 17    Int:  9    God:
Gold:   77         SH:  0    Dex: 18    Spells: 4/4 levels left

rFire    + . .     SeeInvis .   a - +0 rapier
rCold    . . .     Gourm    .   (shield restricted)
rNeg     . . .     Faith    .   b - +0 leather armour
rPois    .         Spirit   .   c - +0 helmet
rElec    .         Reflect  .   (no cloak)
rCorr    .         Harm     .   (no gloves)
MR       .....                  j - +0 pair of boots
Stlth    ++........             (no amulet)
HPRegen  0.10/turn              l - ring of protection from fire
MPRegen  0.09/turn              (no ring)

@: corroded
A: small, carnivore
a: no special abilities


You were on level 2 of the Dungeon.
You were very full.

You visited 1 branch of the dungeon, and saw 2 of its levels.

You collected 77 gold pieces.

Inventory:

Hand Weapons
 a - a +0 rapier (weapon)
Missiles
 d - 3 throwing nets (quivered)
 e - 19 bolts
Armour
 b - a +0 leather armour (worn)
 c - a +0 helmet (worn)
 j - a +0 pair of boots (worn)
Jewellery
 l - a ring of protection from fire (left hand)
Scrolls
 g - a scroll of teleportation {unknown}
 h - a scroll of magic mapping {unknown}
 i - a scroll of noise {unknown}
 k - a scroll of remove curse {unknown}
 q - a scroll of fog {unknown}
 r - a scroll of identify {unknown}
Potions
 m - a potion of heal wounds {unknown}
 n - a potion of resistance {unknown}
 o - a potion of curing {unknown}
 p - a potion of agility {unknown}
Comestibles
 f - 8 rations


   Skills:
 * Level 2.8 Fighting
 + Level 4.7 Short Blades
 * Level 2.6 Throwing
 * Level 1.3 Armour
 * Level 4.4 Dodging
 * Level 2.0 Stealth


You had 4 spell levels left.
You didn't know any spells.
Your spell library was empty.

Dungeon Overview and Level Annotations

Branches:
Dungeon (2/15)

Altars:
Hepliaklqana


Innate Abilities, Weirdness & Mutations

You are small and have problems with some larger weapons.
You are carnivorous and can eat meat at any time.


Message History

You hit the jelly.
Your hands burn!
The jelly is lightly wounded.
You completely miss the jelly.
The jelly is lightly wounded.
The jelly hits you but does no damage.
You hit the jelly. The acid corrodes you!
Your hands burn!
The jelly is heavily wounded.
The jelly closely misses you.
You hit the jelly but do no damage. The acid corrodes you!
Your hands burn!
The jelly is heavily wounded.
The jelly completely misses you.
You hit the jelly. The acid corrodes you!
Your hands burn!
The jelly is severely wounded.
The jelly closely misses you.
You hit the jelly.
Your hands burn!
The jelly is severely wounded.
The jelly hits you.
* * * LOW HITPOINT WARNING * * *
You are splashed with acid!
The acid burns!
You die...

#.#.# #####.# #.#†#
###...#.############ #.#.#
+.'.......)......... #.#.##
###...#.############
#....###.#. #.....#
#........#. +.....# ########
.#...###.#. ###....##
#....... .#...### ###...##
#.###### .......# +.J@..#
#.# .#...#.#
#####...#######.#
###.##.#####...............#
#................##...####
####.######....####..##
######.# ###.## #....#
#......# ... #.P..# #.####.#
#?#. #..P## #.####.# #.#.
##.##


You could see a jelly.

Vanquished Creatures
  A jelly (D:2)
  Jessica (D:2)
  A dart slug (D:2)
  A leopard gecko (D:1)
  3 ball pythons
  5 bats
  6 giant cockroaches
  7 goblins
  4 hobgoblins
  6 jackals (D:1)
  A frilled lizard (D:1)
  2 kobolds (D:2)
  2 rats
40 creatures vanquished.

Notes
Turn   | Place    | Note
-------+----------+-------------------------------------------
     0 | D:1      | Ihlosi the Kobold Gladiator began the quest for the Orb.
     0 | D:1      | Reached XP level 1. HP: 12/12 MP: 1/1
   125 | D:1      | Reached XP level 2. HP: 9/17 MP: 2/2
   645 | D:1      | Reached XP level 3. HP: 21/22 MP: 3/3
   654 | D:1      | Reached skill level 1 in Stealth
  1309 | D:2      | Noticed Jessica
  1321 | D:2      | Killed Jessica
  1321 | D:2      | Reached skill level 1 in Armour
  1321 | D:2      | Reached XP level 4. HP: 26/27 MP: 4/4
  1407 | D:2      | Found a hazy altar of Hepliaklqana.
  1672 | D:2      | Reached XP level 5. HP: 9/32 MP: 5/5
  1966 | D:2      | Splashed by a jelly's acid

Skill      XL: |  1  2  3  4 |
---------------+-------------+-----
Dodging        | 4 |  4.4
Stealth        | 1 2 |  2.0
Armour         | 1 |  1.3
Fighting       | |  2.8
Short Blades   | |  4.7
Throwing       | |  2.6

Action                   |  1- 3 |  4- 6 || total
-------------------------+-------+-------++-------
Melee: Rapier            |   113 |    26 ||   139
 Stab: Sleeping          |       |     1 ||     1
  Eat: Chunk             |     9 |     1 ||    10
Armor: Leather armour    |    26 |     8 ||    34
Dodge: Dodged            |    97 |    12 ||   109
